 Dungeon Sprint DCSS version 0.20.1-1-g8b1a95d (webtiles) character file.

3234 potatolord6000 the Summoner (level 9, -7/62 HPs)
             Began as a Tengu Summoner on Aug 30, 2017.
             Was a High Priest of Sif Muna.
             Mangled by a tarantella (17 damage)
             ... summoned by a worldbinder
             ... summoned by miscasting Summon Hydra
             ... in the Dungeon (Sprint VII: "The Pits").
             The game lasted 00:20:27 (2423 turns).

potatolord6000 the Summoner (Tengu Summoner)        Turns: 2423, Time: 00:20:27

Health: -7/62      AC:  3    Str:  9    XL:     9   Next: 98%
Magic:  2/23       EV: 23    Int: 19    God:    Sif Muna [*****.]
Gold:   0          SH:  0    Dex: 17    Spells: 5/27 levels left

rFire    . . .     SeeInvis .   u - +4 quarterstaff (speed)
rCold    . . .     Gourm    .   (shield currently unavailable)
rNeg     . . .     Faith    .   a - +0 robe
rPois    .         Spirit   .   (helmet restricted)
rElec    .         Reflect  .   (no cloak)
rCorr    .         Harm     .   f - +0 pair of gloves
MR       .....     NoTele   +   (boots unavailable)
Stlth    ++........             (no amulet)
Regen    0.2/turn               p - +3 ring of evasion
MPRegen  0.2/turn               q - +3 ring of dexterity

@: very slightly contaminated, divine energy
A: beak, talons 3, able to fly 1
a: Fly, Stop Divine Energy, Channel Magic, Forget Spell, Renounce Religion


You were in the Dungeon.
You worshipped Sif Muna.
Sif Muna was extremely pleased with you.
You were not hungry.

You visited 1 branch

Inventory:

Hand Weapons
 u - a +4 quarterstaff of speed (weapon)
Armour
 a - a +0 robe (worn)
 f - a +0 pair of gloves (worn)
Jewellery
 p - a +3 ring of evasion (left hand)
 q - a +3 ring of dexterity (right hand)
Wands
 v - a wand of random effects (27/48)
Scrolls
 k - 3 scrolls of remove curse
 l - 4 scrolls of amnesia
 m - a scroll of summoning
Potions
 d - 2 potions of curing
 e - 5 potions of heal wounds
 h - 5 potions of berserk rage
Books
 b - a book of Callings

   Spells                             Type                      Level
   a - Summon Small Mammal            Summoning                    1
   b - Call Imp                       Summoning                    2
   c - Call Canine Familiar           Summoning                    3
   d - Summon Guardian Golem          Hexes/Summoning              3
   e - Summon Lightning Spire         Summoning/Air                4
   f - Summon Ice Beast               Ice/Summoning                4
Comestibles
 c - 8 bread rations
 n - 40 fruits
 o - 4 meat rations


   Skills:
 + Level 10.0 Fighting
 + Level 10.9 Staves
 + Level 11.3 Dodging
 - Level 2.0 Stealth
 + Level 9.6 Spellcasting
 + Level 12.7 Summonings


You had 5 spell levels left.
You knew the following spells:

 Your Spells              Type           Power        Failure   Level  Hunger
a - Summon Ice Beast      Ice/Summ       ####....     5%          4    ###....
b - Call Canine Familiar  Summ           ######..     1%          3    None
c - Summon Guardian Gole  Hex/Summ       ####....     1%          3    None
d - Summon Mana Viper     Hex/Summ       ####....     16%         5    #####..
e - Summon Hydra          Summ           ######....   34%         7    #######


Dungeon Overview and Level Annotations

Branches:
Dungeon (1/1)

Altars:
Ashenzari
Cheibriados
Dithmenos
Elyvilon
Fedhas
Gozag
Hepliaklqana
Kikubaaqudgha
Makhleb
Nemelex Xobeh
Okawaru
Qazlal
Ru
Sif Muna
Trog
Uskayaw
Vehumet
Xom
Yredelemnul
Zin
The Shining One
Beogh
Jiyva
Lugonu


Innate Abilities, Weirdness & Mutations

You have a beak for a mouth.
You have claws for feet.
You can fly.


Message History

The jumping spider completely misses you.
The jumping spider barely misses you. The tarantella completely misses you.
The merfolk hits your guardian golem with a glaive!!
Your guardian golem is destroyed!
You feel better.
The jumping spider disappears in a puff of smoke!
The merfolk impaler misses you. The tarantella bites you!
* * * LOW HITPOINT WARNING * * *
The merfolk impaler completely misses you.
The worldbinder calls forth creatures from the Crypt!
The worldbinder closely misses you. The worldbinder completely misses you.
The tarantella barely misses you.
The tarantella disappears in a puff of smoke!
The worldbinder barely misses you. The worldbinder hits you.
* * * LOW HITPOINT WARNING * * *
The worldbinder completely misses you. The worldbinder hits you.
* * * LOW HITPOINT WARNING * * *
The worldbinder calls forth creatures from the Crypt!
The tarantella bites you!
You die...

##.......##..4.WW....#
##.......##.m..m.mm..+ . .
##...<...##(m#####...#####+##...
##.......##W['...#..............
##.......##..#...#........##'##
##.......##m.#...#.#####..# m4#
##########sx#####.+..x#..# ..#
###########W.m.x...#...'†§##m##..
....#..[[##..W.s@..#...#.§4h.....
....#...[###'###[..#.).#...§.....
....'..))##..[.'.[)#÷###...####+#
....#..))##....#[..(.......#
....#..))##....#...(.......+
############################


You could see a merfolk impaler, a merfolk, 2 worldbinders, a wraith, 2
tarantellas and a shadow.

Vanquished Creatures
  Harold (D)
  A sky beast (D)
  A big kobold (D)
  Ijyb (D)
  An iguana (D)
  A white imp (D)
  An ooze (D)
  A leopard gecko (D)
  2 orcs (D)
  A bat (D)
11 creatures vanquished.

Vanquished Creatures (collateral kills)
  A hydra (D)
  Sonja (D)
  A phantasmal warrior (D)
  An orc knight (D)
  A spiny frog (D)
  A dream sheep (D)
  A spriggan (D)
  A wraith (D)
  A floating eye (D)
  An ice beast (D)
  3 black bears (D)
  A swamp drake (D)
  An ogre (D)
  2 centaurs (D)
  A scorpion (D)
  A wight (D)
  A crimson imp (D)
  A quasit (D)
  An iron imp (D)
  A jelly (D)
  2 orc wizards (D)
  A gnoll (D)
  An adder (D)
  2 oozes (D)
  An adder zombie (D)
  5 orcs (D)
  A bat (D)
  A kobold (D)
  A quokka (D)
  2 frilled lizards (D)
40 creatures vanquished.

Vanquished Creatures (others)
  A merfolk (D)
  A warg (D)
2 creatures vanquished.

Grand Total: 53 creatures vanquished

Notes
Turn   | Place    | Note
-------+----------+-------------------------------------------
     0 | D        | potatolord6000 the Tengu Summoner began the quest for the Orb.
     0 | D        | Reached XP level 1. HP: 10/10 MP: 4/4
    52 | D        | Reached skill level 5 in Summonings
   105 | D        | Found a bloodstained altar of Trog.
   105 | D        | Found a deep blue altar of Sif Muna.
   105 | D        | Found a viscous altar of Jiyva.
   105 | D        | Found a hazy altar of Hepliaklqana.
   105 | D        | Found an opulent altar of Gozag.
   106 | D        | Found a glowing golden altar of the Shining One.
   106 | D        | Found a glowing silver altar of Zin.
   106 | D        | Found a basalt altar of Yredelemnul.
   106 | D        | Found a shimmering altar of Xom.
   106 | D        | Found a sacrificial altar of Ru.
   106 | D        | Found a stormy altar of Qazlal.
   106 | D        | Found an iron altar of Okawaru.
   106 | D        | Found a sparkling altar of Nemelex Xobeh.
   106 | D        | Found a burning altar of Makhleb.
   106 | D        | Found a blossoming altar of Fedhas.
   106 | D        | Found a white marble altar of Elyvilon.
   106 | D        | Found a shadowy altar of Dithmenos.
   106 | D        | Found a snail-covered altar of Cheibriados.
   109 | D        | Found a corrupted altar of Lugonu.
   109 | D        | Found a radiant altar of Vehumet.
   109 | D        | Found a roughly hewn altar of Beogh.
   110 | D        | Found an ancient bone altar of Kikubaaqudgha.
   110 | D        | Found a hide-covered altar of Uskayaw.
   110 | D        | Found a shattered altar of Ashenzari.
   111 | D        | Became a worshipper of Sif Muna the Loreminder
   126 | D        | Noticed a floating eye
   136 | D        | Killed a floating eye
   136 | D        | Reached skill level 6 in Summonings
   136 | D        | Reached XP level 2. HP: 18/18 MP: 1/7
   136 | D        | Reached XP level 3. HP: 22/22 MP: 1/9
   141 | D        | Learned a level 3 spell: Call Canine Familiar
   145 | D        | Learned a level 3 spell: Summon Guardian Golem
   159 | D        | Reached * piety under Sif Muna
   159 | D        | Reached XP level 4. HP: 26/27 MP: 0/10
   299 | D        | Noticed an ogre
   342 | D        | Killed an ogre
   342 | D        | Reached skill level 5 in Dodging
   342 | D        | Reached skill level 7 in Summonings
   421 | D        | Gained mutation: You can fly. [Tengu growth]
   421 | D        | Reached XP level 5. HP: 27/32 MP: 12/12
   503 | D        | Learned a level 4 spell: Summon Ice Beast
   506 | D        | Noticed a sky beast
   508 | D        | Noticed a black bear
   511 | D        | Reached ** piety under Sif Muna
   637 | D        | Killed a sky beast
   637 | D        | Reached skill level 5 in Staves
   637 | D        | Reached skill level 5 in Spellcasting
   637 | D        | Reached skill level 8 in Summonings
   887 | D        | Killed a black bear
   887 | D        | Reached skill level 5 in Fighting
   887 | D        | Reached XP level 6. HP: 30/40 MP: 1/15
  1100 | D        | Noticed a spiny frog
  1110 | D        | Killed a spiny frog
  1110 | D        | Reached *** piety under Sif Muna
  1110 | D        | Reached skill level 9 in Summonings
  1183 | D        | Reached XP level 7. HP: 24/46 MP: 5/17
  1362 | D        | Reached **** piety under Sif Muna
  1513 | D        | Noticed Harold
  1514 | D        | Noticed Ijyb
  1553 | D        | Killed Harold
  1553 | D        | Reached ***** piety under Sif Muna
  1553 | D        | Reached skill level 10 in Summonings
  1553 | D        | Reached XP level 8. HP: 49/54 MP: 5/20
  1558 | D        | Killed Ijyb
  1711 | D        | Received a gift from Sif Muna
  1711 | D        | Reached skill level 11 in Summonings
  1719 | D        | Learned a level 5 spell: Summon Mana Viper
  1727 | D        | Learned a level 7 spell: Summon Hydra
  1821 | D        | Noticed a spriggan
  1844 | D        | Killed a spriggan
  1932 | D        | Noticed a wraith
  1951 | D        | Killed a wraith
  1953 | D        | Noticed an orc knight
  1953 | D        | Noticed Sonja
  1955 | D        | Noticed an eight-headed hydra
  1958 | D        | Killed Sonja
  1958 | D        | Reached skill level 10 in Dodging
  1958 | D        | Reached XP level 9. HP: 41/60 MP: 1/22
  1997 | D        | Killed an orc knight
  1997 | D        | Identified Sif Muna's Incunabulum of Flight and Earth (Sif Muna gifted it to you in the Dungeon)
  1997 | D        | Received a gift from Sif Muna
  1997 | D        | Reached skill level 10 in Staves
  2013 | D        | Noticed a phantasmal warrior
  2051 | D        | Killed a phantasmal warrior
  2051 | D        | Reached skill level 12 in Summonings
  2055 | D        | Killed an eight-headed hydra
  2280 | D        | Reached skill level 10 in Fighting
  2383 | D        | Noticed an orange demon
  2383 | D        | Noticed a merfolk
  2383 | D        | Noticed a merfolk
  2383 | D        | Noticed a merfolk
  2384 | D        | Noticed a merfolk impaler
  2393 | D        | Noticed a worldbinder
  2393 | D        | Noticed a worldbinder
  2396 | D        | Killed a merfolk
  2398 | D        | Noticed a necromancer
  2399 | D        | Noticed a merfolk
  2400 | D        | Noticed a jumping spider
  2402 | D        | Noticed a jumping spider
  2410 | D        | Noticed a jumping spider
  2411 | D        | Noticed a jumping spider
  2423 | D        | Mangled by a tarantella

Skill      XL: |  1  2  3  4  5  6  7  8  9 |
---------------+----------------------------+-----
Summonings     | 6 7 8 9 10 11 12 | 12.7
Fighting       | 2 3 5 6 8 10 | 10.0
Staves         | 2 3 4 5 6 8 9 10 | 10.9
Dodging        | 4 5 6 7 9 10 11 | 11.3
Spellcasting   | 3 4 5 6 7 8 9 |  9.6
Stealth        | |  2.0

Action                   |  1- 3 |  4- 6 |  7- 9 || total
-------------------------+-------+-------+-------++-------
Melee: Quarterstaff      |     2 |    12 |    54 ||    68
       Kick              |     1 |     1 |    19 ||    21
       Peck              |       |       |     8 ||     8
 Cast: Summon Small Mamm |    10 |       |       ||    10
       Call Canine Famil |     1 |    15 |    11 ||    27
       Summon Guardian G |       |     9 |    14 ||    23
       Summon Ice Beast  |       |    10 |    18 ||    28
       Summon Hydra      |       |       |     2 ||     2
       Summon Mana Viper |       |       |     5 ||     5
Invok: Divine Energy     |       |       |     1 ||     1
  Use: Scroll            |     1 |       |     1 ||     2
       Potion            |       |     5 |    17 ||    22
 Stab: Sleeping          |     1 |     1 |       ||     2
  Eat: Meat ration       |       |     1 |     2 ||     3
Armor: Robe              |       |     1 |     7 ||     8
Dodge: Dodged            |       |    15 |   108 ||   123
